 Dungeon Sprint DCSS version 0.22-a0-305-gd21a89c (webtiles) character file.

7 Kidiri the Sneak (level 1, -5/9 HPs)
             Began as a Spriggan Enchanter on Apr 1, 2018.
             Slain by Crazy Yiuf
             ... wielding a +3 quarterstaff of chaos
              (8 damage)
             ... in the Dungeon (Sprint III: "The Ten Rune Challenge").
             The game lasted 00:00:57 (175 turns).

Kidiri the Sneak (Spriggan Enchanter)                Turns: 175, Time: 00:00:58

Health: -5/9       AC:  2    Str:  4    XL:     1   Next: 83%
Magic:  1/5        EV: 19    Int: 16    God:
Gold:   0          SH:  0    Dex: 16    Spells: 5/6 levels left

rFire    . . .     SeeInvis +   a - +1 dagger
rCold    . . .     Gourm    .   (shield restricted)
rNeg     . . .     Faith    .   b - +0 robe
rPois    .         Spirit   .   (helmet restricted)
rElec    .         Reflect  .   (no cloak)
rCorr    .         Harm     .   (gloves unavailable)
MR       .....     NoTele   +   (boots unavailable)
Stlth    +++.......             (no amulet)
HPRegen  0.03/turn              (no ring)
MPRegen  0.09/turn              (no ring)

@: very quick
A: very small, unfitting armour, see invisible, herbivore, speed 3, slow
metabolism 2
a: no special abilities


You were in the Dungeon.
You were not hungry.

You visited 1 branch

Inventory:

Hand Weapons
 a - a +1 dagger (weapon)
Armour
 b - a +0 robe (worn)
Scrolls
 j - a scroll of blinking
Potions
 f - a potion of heal wounds
 g - a potion of haste
 h - 2 potions of magic
 i - a potion of berserk rage
Comestibles
 d - a ration


   Skills:
 + Level 0.5 Fighting
 * Level 1.9 Short Blades
 + Level 0.4 Armour
 * Level 3.7 Dodging
 * Level 5.1 Stealth
 * Level 3.2 Spellcasting
 + Level 3.9 Hexes


You had 5 spell levels left.
You knew the following spells:

 Your Spells              Type           Power        Failure   Level  Hunger
a - Corona                Hex            ###....      3%          1    None


Dungeon Overview and Level Annotations

Branches:
Dungeon (1/1)

Altars:

Annotations:
D Crazy Yiuf


Innate Abilities, Weirdness & Mutations

You are very small and have problems with some larger weapons.
You are too small for most types of armour.
You have supernaturally acute eyesight. (SInv)
You are a herbivore.
You cover ground extremely quickly.
You need to consume almost no food.


Message History

Crazy Yiuf is outlined in light.
Crazy Yiuf hits you with a quarterstaff of chaos.
Ouch! That really hurt!
Crazy Yiuf freezes you.
* * * LOW HITPOINT WARNING * * *
Unknown command.
You feel better. Crazy Yiuf barely misses you.
You hit Crazy Yiuf but do no damage.
Crazy Yiuf is heavily wounded.
Crazy Yiuf hits you but does no damage.
You suddenly lose the ability to move!
Crazy Yiuf hits you with a quarterstaff of chaos.
Ouch! That really hurt!
Crazy Yiuf freezes you. Crazy Yiuf barely misses you.
You can move again.
You hit Crazy Yiuf.
Crazy Yiuf is heavily wounded.
Crazy Yiuf hits you with a quarterstaff of chaos!
Ouch! That really hurt!
You die...

▓.....#....≈♣♣♣
▓.....#...≈≈♣..
▓....)#..≈≈≈≈♣♣
▓####'#..≈≈≈≈≈≈.
▓)..†.#.≈≈≈≈≈≈..
▓.....#.≈≈≈≈≈...
▓.....#.≈≈≈....p
▓'#####.........
▓.@g............
▓▓▓▓▓▓▓▓▓▓▓▓▓▓▓


You could see Crazy Yiuf.

Vanquished Creatures
  An ooze (D)
  3 rats (D)
4 creatures vanquished.

Vanquished Creatures (others)
  4 hellions (D)
  A yaktaur (D)
  3 plants (D)
8 creatures vanquished.

Grand Total: 12 creatures vanquished

Notes
Turn   | Place    | Note
-------+----------+-------------------------------------------
     0 | D        | Kidiri the Spriggan Enchanter began the quest for the Orb.
     0 | D        | Reached XP level 1. HP: 9/9 MP: 5/5
    12 | D        | Reached skill level 5 in Stealth
    75 | D        | Killed a yaktaur
    88 | D        | Killed a hellion
   103 | D        | Killed a hellion
   117 | D        | Killed a hellion
   133 | D        | Noticed Crazy Yiuf
   166 | D        | Killed a hellion
   171 | D        | Paralysed by Crazy Yiuf for 3 turns
   175 | D        | Slain by Crazy Yiuf

Vault maps used:
D:        dungeon_sprint_mu

Skill      XL: |  1 |
---------------+----+-----
Stealth        | 5 |  5.1
Spellcasting   | 3 |  3.2
Fighting       | |  0.5
Short Blades   | |  1.9
Armour         | |  0.4
Dodging        | |  3.7
Hexes          | |  3.9

Action                   || total
-------------------------++-------
Melee: Dagger            ||    26
 Cast: Corona            ||     7
  Use: Potion            ||     1
 Stab: Sleeping          ||     1
Armor: Robe              ||     2
Dodge: Dodged            ||    17

Table legend:
 A = Spawn XP
 B = Non-spawn XP
 C = Spawn XP percentage of total XP
 D = Spawn monster count
 E = Non-spawn monster count
 F = Spawn count percentage of total count
 G = Total turns spent on level
                    A         B        C        D         E        F      G
               +---------+---------+-------+---------+---------+-------+---------
         Total |       0 |      10 |   0.0 |       0 |       4 |   0.0 |   175
               +---------+---------+-------+---------+---------+-------+---------
             D |       0 |      10 |   0.0 |       0 |       4 |   0.0 |   175
               +---------+---------+-------+---------+---------+-------+---------
